 Dungeon Crawl Stone Soup version 0.29.1-1-gd02db6906a (webtiles) character file.

Game seed: 7633146962319385240

452 Demigod47 the Cudgeller (level 6, 0/53 HPs)
             Began as a Minotaur Fighter on Oct 17, 2022.
             Was an Initiate of Okawaru.
             Slain by a killer bee (5 damage)
             ... on level 4 of the Dungeon.
             The game lasted 00:05:19 (4016 turns).

Demigod47 the Cudgeller (Minotaur Fighter)          Turns: 4016, Time: 00:05:20

Health: 0/53       AC:  7    Str: 20 (22) XL:     6   Next: 75%
Magic:  5/5        EV:  9    Int:  3 (5)  God:    Okawaru [......]
Gold:   331        SH:  4    Dex: 10      Spells: 5/5 levels left

rFire   . . .      SeeInvis +   a - +0 flail
rCold   . . .      Faith    .   c - +0 buckler
rNeg    . . .      Spirit   .   b - +0 scale mail
rPois   .          Reflect  .   (helmet restricted)
rElec   .          Harm     .   (no cloak)
rCorr   .          Rampage  .   (no gloves)
Will    .....                   (no boots)
Stlth   ..........              (no amulet)
HPRegen 0.17/turn               g - ring of see invisible
MPRegen 0.09/turn               (no ring)

@: mighty, lethally poisoned (0 -> -5), hasted, studying Polearms, very quick
A: horns 2, retaliatory headbutt
a: Renounce Religion


You were on level 4 of the Dungeon.
You worshipped Okawaru.
Okawaru was noncommittal.
You visited 2 branches of the dungeon, and saw 6 of its levels.

You collected 331 gold pieces.

Inventory:

Hand Weapons
 a - a +0 flail (weapon)
Armour
 b - a +0 scale mail (worn)
 c - a +0 buckler (worn)
Jewellery
 e - an amulet of regeneration
 g - a ring of see invisible (left hand)
 k - a +4 ring of slaying
 l - a +4 ring of evasion
 q - a ring of protection from cold
Wands
 u - a wand of polymorph (11)
 x - a wand of quicksilver (14)
Scrolls
 h - 2 scrolls of enchant weapon
 m - 2 scrolls of vulnerability
 o - 2 scrolls of noise
 p - a scroll of fog {unknown}
 r - 2 scrolls of brand weapon
 t - a scroll of summoning
 w - a scroll of fear {unknown}
Potions
 f - a potion of heal wounds
 j - a potion of mutation {unknown}
 n - a potion of lignification {unknown}
 v - a potion of invisibility {unknown}


   Skills:
 + Level 4.4 Fighting
 * Level 6.7 Maces & Flails
 + Level 5.1 Armour
 + Level 1.7 Dodging
 + Level 0.3 Stealth
 + Level 4.3 Shields


You had 5 spell levels left.
You didn't know any spells.
Your spell library contained the following spells:

 Spells                   Type           Power      Damage    Failure   Level
 Magic Dart               Conj           0%         1d3       91%         1
 Necrotise                Necr           0%         1d4       91%         1
 Shock                    Conj/Air       0%         1d3       91%         1
 Searing Ray              Conj           0%         2d4       97%         2
 Inner Flame              Hex/Fire       0%         N/A       100%        3
 Swiftness                Air            0%         N/A       100%        3
 Vampiric Draining        Necr           0%         2d6       100%        3
 Airstrike                Air            0%         2d(0-16)  100%        4
 Cause Fear               Hex            0%         N/A       100%        4
 Fulminant Prism          Conj/Hex       0%         3d6       100%        4
 Passage of Golubria      Tloc           0%         N/A       100%        4
 Agony                    Necr           0%         N/A       100%        5
 Yara's Violent Unravell  Hex/Tmut       0%         3d3       100%        5
 Eringya's Noxious Bog    Tmut/Pois      0%         N/A       100%        6
 Discord                  Hex            0%         N/A       100%        8
 Tukima's Dance           Hex            Unusable   N/A       N/A         3
 Summon Forest            Summ/Tloc      Unusable   N/A       N/A         5
 Summon Hydra             Summ           Unusable   N/A       N/A         7

Dungeon Overview and Level Annotations

Branches:
Dungeon (5/15)             Temple (1/1) D:4

Altars:
Cheibriados
Elyvilon
Fedhas
Okawaru
Sif Muna
Vehumet

Shops:
D:1 [


Innate Abilities, Weirdness & Mutations

You have a pair of horns on your head.
You reflexively headbutt those who attack you in melee.


Message History

You feel very sick. The killer bee closely misses you.
The killer bee barely misses you. You furiously retaliate!
You headbutt the killer bee, but do no damage.
The killer bee stings you. x2
You feel yourself speed up.
You feel very sick. The killer bee closely misses you.
The killer bee barely misses you. You furiously retaliate!
You headbutt the killer bee! The killer bee closely misses you. x2
You feel very mighty all of a sudden.
You feel sick. The killer bee closely misses you. You furiously retaliate!
You headbutt the killer bee! The killer bee stings you.
* * * LOW HITPOINT WARNING * * *
You are lethally poisoned!
The killer bee poisons you!
You feel better. The killer bee closely misses you. x2
You furiously retaliate!
You headbutt the killer bee!
You kill the killer bee!
Okawaru accepts your kill. The killer bee stings you.
* * * LOW HITPOINT WARNING * * *
You closely miss the killer bee. The killer bee stings you.
* * * LOW HITPOINT WARNING * * *
You block the killer bee's attack.
You miss the killer bee. Your headbutt misses the killer bee.
The killer bee closely misses you. The killer bee barely misses you.
The killer bee stings you.
* * * LOW HITPOINT WARNING * * *
You are poisoned.
The killer bee poisons you!
The killer bee stings you but does no damage.
You barely miss the killer bee. Your headbutt misses the killer bee.
You feel sick. The killer bee stings you.
* * * LOW HITPOINT WARNING * * *
The killer bee stings you but does no damage.
You barely miss the killer bee.
* * * LOW HITPOINT WARNING * * *
You feel sick. The killer bee stings you.
You die...

#.#)..#...############
#.#.#.#...#..........<
#.#.#.#...#.##########
#.#.#.#...#.# #......
#.#...#...#.# #.#####
#.###.#...#.# #......
#...........#########.
##########y#.............
#......y@yy....#######.#.
##.#########.#########...
#............#.......###.
##############<#####.###.
#.# #.##.. ######.#
#.##.. #......# #..[..
#......##########
#.(.............#


You could see 4 killer bees.

Vanquished Creatures
  2 scorpions (D:4)
  A killer bee (D:4)
  An orc priest (D:4)
  A hound (D:4)
  An iguana (D:4)
  3 orc wizards
  Ijyb (D:4)
  5 adders
  2 worms
  A dart slug (D:2)
  13 orcs
  5 endoplasms
  A giant cockroach (D:3)
  7 goblins
  2 hobgoblins
  4 quokkas
  2 ball pythons
  2 bats (D:3)
  2 frilled lizards (D:2)
  A kobold (D:2)
  3 rats
60 creatures vanquished.

Notes
Turn   | Place    | Note
-------+----------+-------------------------------------------
     0 | D:1      | Demigod47 the Minotaur Fighter began the quest for the Orb.
     0 | D:1      | Reached XP level 1. HP: 19/19 MP: 0/0
   246 | D:1      | Found Tuifyihy's Armour Emporium.
   489 | D:1      | Found a faded altar of an unknown god.
   500 | D:1      | Reached XP level 2. HP: 27/27 MP: 1/1
   553 | D:1      | Prayed at the altar of an unknown god.
   553 | D:1      | Became a worshipper of Sif Muna the Loreminder
   553 | D:1      | Reached * piety under Sif Muna
   554 | D:1      | Fell from the grace of Sif Muna
  1295 | D:2      | Reached skill level 3 in Maces & Flails
  1306 | D:2      | Reached XP level 3. HP: 33/33 MP: 2/2
  1831 | D:3      | Reached skill level 4 in Maces & Flails
  1831 | D:3      | Reached XP level 4. HP: 40/40 MP: 3/3
  1898 | D:3      | Found a white marble altar of Elyvilon.
  2259 | D:3      | Reached skill level 1 in Dodging
  2273 | D:3      | Reached skill level 5 in Maces & Flails
  2387 | D:3      | Reached XP level 5. HP: 46/46 MP: 4/4
  2802 | D:4      | Found a staircase to the Ecumenical Temple.
  2821 | Temple   | Entered the Ecumenical Temple
  2850 | Temple   | Became a worshipper of Warmaster Okawaru
  3049 | D:4      | Reached XP level 6. HP: 48/52 MP: 5/5
  3082 | D:4      | Reached skill level 6 in Maces & Flails
  3319 | D:4      | Noticed Ijyb
  3336 | D:4      | Killed Ijyb
  3661 | D:4      | Reached skill level 5 in Armour
  3998 | D:5      | Entered Level 5 of the Dungeon
  4016 | D:4      | Slain by a killer bee

Illustrated notes

Levels and vault maps discovered:
D:1:      saegor_arrival_simple_e, layout_basic, serial_shops, shop,
          chequers_ecumenical_altar_island
D:2:      layout_basic, minmay_misc_feat_x
D:3:      layout_rooms, elyvilon_altar_5, chequers_garden, st_stairs_7
D:4:      layout_basic, minmay_temple_entry_stoned_glass, uniq_ijyb
D:5:      layout_basic, nicolae_overflow_crystal_walls, uniq_duvessa
Temple:   bh_familiar_temple

Skill      XL: |  1  2  3  4  5  6 |
---------------+-------------------+-----
Armour         | 4 5 |  5.1
Maces & Flails | 3 4 5 6 |  6.7
Shields        | 4 |  4.3
Fighting       | 4 |  4.4
Dodging        | 1 |  1.7
Stealth        | |  0.3

Action                   |  1- 3 |  4- 6 || total
-------------------------+-------+-------++-------
Melee: Flail             |    70 |    97 ||   167
       Headbutt          |     5 |    20 ||    25
Invok: Renounce Religion |     1 |       ||     1
  Use: Potion            |       |    10 ||    10
       Scroll            |       |     6 ||     6
Armor: Scale mail        |    31 |    42 ||    73
Dodge: Dodged            |    23 |    60 ||    83
Block: Buckler           |    19 |    23 ||    42
